LUJ, chaotic female orcish Wizard -.---- |...>---------- | -...(.f.@h......| |.<[------------- ----- LUJ the Conjurer Experience level: 4 Strength: 12 Dexterity: 14 Constitution: 16 Intelligence: 16 Wisdom: 10 Charisma: 7 Health: 0(26) Energy: 4(43) Def: 2 Gold: 119 Moves: 1126 Dungeon seed: j6nRbplWq7nb53FW Game ID: LUJ_1512072257 Your Inventory: Coins $ - 119 gold pieces Weapons a - a blessed +1 quarterstaff (weapon in hands) Armor e - an uncursed +0 cloak of magic resistance (being worn) Scrolls i - an uncursed scroll of magic mapping j - an uncursed scroll of identify k - an uncursed scroll of create monster Spellbooks l - a blessed spellbook of force bolt m - an uncursed spellbook of cure blindness Potions f - an uncursed potion of sleeping g - an uncursed potion of booze h - an uncursed potion of blindness Rings c - a blessed +1 ring of protection (on left hand) d - an uncursed ring of protection from shape changers (on right hand) Wands b - a wand of magic missile (0:5) Tools n - a magic marker (0:47) Gems q - an uncursed worthless piece of white glass r - an uncursed worthless piece of yellow glass Spells and supernatural/magical abilities: Name Level Category Fail Memory a - force bolt 1 attack 0% 95% B - cure blindness 2 healing 67% 95% W - pray for help -- divine ? -- Your skills at the end: Fighting Skills Weapon Skills quarterstaff [Basic] Spellcasting Skills attack spells [Basic] enchantment spells [Basic] Final Attributes: You were fervently aligned. You were poison resistant. You were magic-protected. You had infravision. You were protected. You were protected from shape changers. You are dead. Vanquished creatures: a black pudding a gnome king a gnome lord 5 gnomes 3 jackals a fox a kobold 2 goblins a sewer rat 6 grid bugs a lichen a newt 24 creatures vanquished. Voluntary challenges: You used a wielded weapon 11 times, starting on turn 215. You were illiterate. You never genocided any monsters. You never polymorphed an object. You never changed form. You used no wishes. You never split a pudding. You never wrote Elbereth's name. You violated your moral code, losing 28 points of alignment, starting on turn 89. Dungeon overview: The Dungeons of Doom: levels 1 to 2 Level 1 an altar to Anhur a long staircase Level 2 a sink stairs to The Gnomish Mines The Gnomish Mines: Level 3 <- You were here stairs to The Dungeons of Doom History has recorded: On T:1 you entered the Dungeons of Doom to retrieve the Amulet of Yendor! On T:499 you advanced to experience level 2. On T:749 you reached level 2 of The Dungeons of Doom. On T:959 you advanced to experience level 3. On T:1050 you reached level 1 of The Gnomish Mines. On T:1074 you advanced to experience level 4. Score breakdown: Gold: 119 ( 7072 points) Experience: 4 levels ( 9649 points) Exploration: 3 levels ( 6.67%) ( 6396 points) Discoveries: 0 items ( 0.00%) ( 0 points) Valuables value: (no points given unless you survive) Artifact value: 0 ( 0 points) Variety of kills: 12 monsters ( 3.15%) ( 5324 points) Turncount: 1126 turns ( 0 points) Survival: died (score multiplied by 80%) Total score: 22752 Latest messages: t - a dark green potion (in quiver). You fill your quiver: t - a dark green potion (in quiver). The bottle crashes on the dwarf's head and breaks into shards. The dark green potion evaporates. (You can name a dark green potion from the item naming menu.) The dwarf picks up a thonged club. You hit the dwarf! The kitten drops an orcish helm. You miss the dwarf. The kitten picks up an orcish helm. You miss the dwarf. The dwarf wields a broad short sword! You miss the dwarf. (2x) The dwarf thrusts his broad short sword. The dwarf hits! The spell misses the dwarf. You stop. Your kitten is in the way! The dwarf thrusts his broad short sword. The dwarf hits! You die... Final status: Goodbye LUJ the Wizard, killed by a dwarf... You died in The Gnomish Mines on dungeon level 3 with 22752 points, and 119 pieces of gold, after 1126 moves. You were level 4 with a maximum of 26 hit points when you died.